 Dungeon Crawl Stone Soup version 0.31-a0-702-gf82c85558f (webtiles) character file.

Game seed: 8159872550009825599

6913 qw the Skirmisher (level 11, -1/71 HPs)
             Began as a Gargoyle Hunter on Sept 8, 2023.
             Was a Priest of Okawaru.
             Slain by an enormous slime creature (50 damage)
             ... on level 11 of the Dungeon.
             The game lasted 00:04:15 (8769 turns).

qw the Skirmisher (Gargoyle Hunter)                 Turns: 8769, Time: 00:04:15

Health: -1/71      AC: 27    Str: 15    XL:     11   Next: 7%
Magic:  12/14      EV: 15    Int: 10    God:    Okawaru [***...]
Gold:   165        SH:  5    Dex: 17    Spells: 10/10 levels left

rFire   . . .        l - +1 orcbow (heavy)
rCold   . . .        (shield currently unavailable)
rNeg    + + .        j - +0 ring mail
rPois   inf          i - +2 hat
rElec   +            f - +1 cloak
rCorr   .            c - +2 pair of gloves
SInv    .            (no boots)
Will    .....        b - amulet of reflection
Stlth   +++          d - +4 ring of protection
HPRegen 0.31/turn    r - ring of positive energy
MPRegen 0.14/turn

%: reflection
@: about to teleport, heroic
A: sickness immunity, AC +8, negative energy resistance 1, electricity
resistance, torment resistance 1, petrification resistance, talons 1, wild magic
1
a: Renounce Religion, Heroism


You were on level 11 of the Dungeon.
You worshipped Okawaru.
Okawaru was most pleased with you.
You visited 2 branches of the dungeon, and saw 12 of its levels.
You also visited: Ossuary.

You collected 456 gold pieces.
You spent 291 gold pieces at shops.


Innate Abilities, Weirdness & Mutations

You are immune to sickness and miasma.
Your stone body is resilient. (AC +8)
You are immune to poison.
You resist negative energy. (rN+)
You are resistant to electric shocks. (rElec)
You are resistant to unholy torment.
You are immune to petrification.
You have sharp toenails.
Your spells are a little harder to cast, but a little more powerful.


   Skills:
 - Level 9.0(14.0) Fighting
 + Level 13.0(18.0) Ranged Weapons
 - Level 4.5(9.5) Armour
 - Level 4.3(9.3) Dodging
 - Level 1.1(6.1) Stealth
 - Level 4.1 Invocations


You had 10 spell levels left.
You didn't know any spells.
Your spell library was empty.

Inventory:

Hand Weapons
 l - a +1 heavy orcbow (weapon)
Armour
 c - a +2 pair of gloves (worn)
 f - a +1 cloak (worn)
 i - a +2 hat (worn)
 j - a +0 ring mail (worn)
 s - a +0 troll leather armour
Jewellery
 b - an amulet of reflection (around neck)
 d - a +4 ring of protection (left hand)
 r - a ring of positive energy (right hand)
Wands
 n - a wand of digging (7)
Scrolls
 a - 6 scrolls of identify
 k - a scroll of teleportation
 t - a scroll of brand weapon
Potions
 e - a potion of haste
 g - a potion of magic
 h - 2 potions of might
 m - a potion of mutation
 o - 5 potions of heal wounds
 p - 5 potions of curing
 q - a potion of enlightenment

Dungeon Overview and Level Annotations

Branches:
Dungeon (11/15)            Temple (1/1) D:4             Orc (0/2) D:10
Ossuary (visited)
   Lair: D:8-11

Altars:
Ashenzari
Cheibriados
Dithmenos
Elyvilon
Fedhas
Hepliaklqana
Kikubaaqudgha
Makhleb
Nemelex Xobeh
Okawaru
Qazlal
Ru
Sif Muna
Trog
Uskayaw
Vehumet
Wu Jian
Xom
Yredelemnul
Zin

Shops:
D:2 (?(=   D:4 [   D:8 *   D:9 [

Annotations:
D:4 2 runed translucent doors


Message History

You feel like a meek peon again.
A slime creature comes into view.
You shoot an arrow.
The arrow barely misses the slime creature.
You shoot an arrow. The arrow hits the slime creature!
The slime creature is lightly wounded.
A slime creature comes into view.
The slime creature hits you but does no damage.
You shoot an arrow.
The arrow barely misses the slime creature.
The slime creature barely misses you.
Two slime creatures merge to form a large slime creature.
You shoot an arrow.
The arrow hits the large slime creature!!
The large slime creature is moderately wounded.
A slime creature comes into view.
You shoot an arrow.
The arrow barely misses the large slime creature.
The slime creature quivers.
The large slime creature barely misses you.
Two slime creatures merge to form a very large slime creature.
8766 ||| INVOKING Heroism.
You gain the combat prowess of a mighty hero.
A slime creature comes into view. x2
The very large slime creature hits you!!
The slime creature quivers.
You shoot an arrow.
The arrow hits the very large slime creature!
The very large slime creature is moderately wounded.
A slime creature merges with something you can't see.
Two slime creatures merge to form an enormous slime creature.
8768 ||| READING 2 scrolls of teleportation.
As you read the scroll of teleportation, it crumbles to dust.
You feel strangely unstable.
You shoot an arrow.
The arrow hits the enormous slime creature!!
The enormous slime creature is moderately wounded.
The enormous slime creature hits you!!!
Ouch! That really hurt!
You die...

# # # # #########
# #....%... ####.
#.#######
......##########.#
# #..J@.........#
# ###############
# # ### #.. #.#
#.# #.. #..


You could see an enormous slime creature.

Vanquished Creatures
  A deep elf pyromancer (D:10)
  Joseph (D:8)
  A gargoyle (D:10)
  An unseen horror (D:10)
  An ice devil (D:10)
  2 trolls
  Grinder (D:5)
  3 yaks (D:6)
  A wraith (D:10)
  A shadow (D:10)
  A wyvern (D:9)
  A fire elemental (D:10)
  2 steam dragons (D:10)
  A water moccasin (D:6)
  3 acid dragons
  A sky beast (D:8)
  3 orc warriors
  A black bear (D:6)
  An ogre (D:6)
  6 centaurs
  2 phantoms
  A bullfrog (D:8)
  3 scorpions
  3 wights (D:8)
  3 howler monkeys
  An oklob sapling (D:4)
  4 hounds
  A gnoll bouda (D:6)
  2 jellies
  7 orc priests
  5 iguanas
  3 sleepcaps
  Terence (D:3)
  11 orc wizards
  13 gnolls
  16 adders
  A shadow imp (D:6)
  A white imp (D:7)
  An ufetubus (D:5)
  3 worms (D:2)
  2 dart slugs
  39 orcs
  10 endoplasms
  6 giant cockroaches
  4 hobgoblins
  2 jackals (D:3)
  7 quokkas
  12 ball pythons
  5 bats
  4 frilled lizards
  4 goblins
  12 hobgoblin zombies (Ossuary)
  5 kobolds
  4 kobold zombies (Ossuary)
  4 orc zombies (Ossuary)
  5 rats
240 creatures vanquished.

Notes
Turn   | Place    | Note
-------+----------+-------------------------------------------
     0 | D:1      | qw the Gargoyle Hunter began the quest for the Orb.
     0 | D:1      | Reached XP level 1. HP: 12/12 MP: 1/1
     0 | D:1      | 0 ||| qw: Version: 0.3-a-76-g4403597
     0 | D:1      | 0 ||| qw: Game counter: 954
     0 | D:1      | 0 ||| qw: Melee chars always use a shield: true
     0 | D:1      | 0 ||| qw: God list: Okawaru
     0 | D:1      | 0 ||| qw: Allow faded altars: false
     0 | D:1      | 0 ||| qw: Do Orc after clearing Dungeon:15 true
     0 | D:1      | 0 ||| qw: Do second Lair branch before Depths: true
     0 | D:1      | 0 ||| qw: Lair rune preference: random
     0 | D:1      | 0 ||| qw: Goals: Normal
     0 | D:1      | 0 ||| PLANNING D:1-11
   190 | D:1      | Reached XP level 2. HP: 17/17 MP: 2/2
   961 | D:1      | 961 ||| DROPPING ring of flight.
   962 | D:1      | 962 ||| READING 2 scrolls labelled BENLEBBOCZE.
   963 | D:1      | 963 ||| READING scroll labelled YZXYEQ COLAEM.
   964 | D:1      | 964 ||| DROPPING scroll of butterflies.
  1051 | D:2      | Found Udwibred's Jewellery Shoppe.
  1060 | D:2      | 1060 ||| SHOPLISTING +6 ring of dexterity (360 gold, have
                  | 31).
  1060 | D:2      | 1060 ||| SHOPLISTING +6 ring of strength (360 gold, have
                  | 31).
  1060 | D:2      | 1060 ||| SHOPLISTING amulet "Uhyvefis" {Acrobat +Inv rElec
                  | Int+4 SInv} (636 gold, have 31).
  1060 | D:2      | 1060 ||| SHOPLISTING amulet of reflection (300 gold, have
                  | 31).
  1060 | D:2      | 1060 ||| SHOPLISTING ring "Ceyha" {rElec EV+5} (500 gold,
                  | have 31).
  1060 | D:2      | 1060 ||| SHOPLISTING ring of positive energy (200 gold,
                  | have 31).
  1097 | D:2      | Reached XP level 3. HP: 21/21 MP: 3/3
  1113 | D:2      | Reached skill level 5 in Ranged Weapons
  1159 | D:2      | Found Dibaapp's Antique Weapon Shop.
  1186 | D:2      | Found a sacrificial altar of Ru.
  1328 | D:2      | Found Onlo Jaodd's Magic Scroll Emporium.
  1340 | D:2      | 1340 ||| SHOPLISTING scroll of enchant armour (90 gold,
                  | have 72).
  1340 | D:2      | 1340 ||| SHOPLISTING scroll of enchant weapon (90 gold,
                  | have 72).
  1340 | D:2      | 1340 ||| BUYING scroll of identify (24 gold).
  1340 | D:2      | Bought a scroll of identify for 24 gold pieces
  1340 | D:2      | 1340 ||| BUYING scroll of identify (24 gold).
  1340 | D:2      | Bought a scroll of identify for 24 gold pieces
  1340 | D:2      | 1340 ||| BUYING scroll of identify (24 gold).
  1340 | D:2      | Bought a scroll of identify for 24 gold pieces
  1340 | D:2      | 1340 ||| SHOPLISTING scroll of identify (24 gold, have 0).
  1340 | D:2      | 1340 ||| SHOPLISTING scroll of teleportation (36 gold, have
                  | 0).
  1369 | D:2      | Reached skill level 3 in Fighting
  1473 | D:2      | Reached XP level 4. HP: 28/28 MP: 4/4
  1587 | D:2      | Found Puhatt's Antique Weapon Emporium.
  1607 | D:2      | 1607 ||| UPGRADING to +4 ring of protection.
  1608 | D:2      | 1608 ||| READING scroll labelled WEFIEQ IRASKALUE.
  1609 | D:2      | 1609 ||| READING 5 scrolls of identify.
  1609 | D:2      | 1609 ||| IDENTIFYING glowing red potion
  2080 | D:3      | 2080 ||| Stepping ~*~*~tactically~*~*~ (retreating).
  2081 | D:3      | 2081 ||| Stepping ~*~*~tactically~*~*~ (retreating).
  2082 | D:3      | 2082 ||| Stepping ~*~*~tactically~*~*~ (retreating).
  2083 | D:3      | 2083 ||| Stepping ~*~*~tactically~*~*~ (retreating).
  2084 | D:3      | 2084 ||| Stepping ~*~*~tactically~*~*~ (retreating).
  2085 | D:3      | 2085 ||| Stepping ~*~*~tactically~*~*~ (retreating).
  2086 | D:3      | 2086 ||| Stepping ~*~*~tactically~*~*~ (retreating).
  2087 | D:3      | 2087 ||| Stepping ~*~*~tactically~*~*~ (retreating).
  2088 | D:3      | 2088 ||| Stepping ~*~*~tactically~*~*~ (retreating).
  2089 | D:3      | 2089 ||| Stepping ~*~*~tactically~*~*~ (retreating).
  2114 | D:3      | Reached XP level 5. HP: 19/32 MP: 5/5
  2130 | D:3      | 2130 ||| FLEEEEING.
  2131 | D:3      | 2131 ||| FLEEEEING.
  2132 | D:3      | 2132 ||| FLEEEEING.
  2133 | D:3      | 2133 ||| FLEEEEING.
  2135 | D:3      | 2135 ||| FLEEEEING.
  2136 | D:3      | 2136 ||| FLEEEEING.
  2141 | D:3      | 2141 ||| FLEEEEING.
  2142 | D:3      | 2142 ||| FLEEEEING.
  2143 | D:3      | 2143 ||| FLEEEEING.
  2144 | D:3      | 2144 ||| FLEEEEING.
  2145 | D:3      | 2145 ||| FLEEEEING.
  2146 | D:3      | 2146 ||| FLEEEEING.
  2147 | D:3      | 2147 ||| FLEEEEING.
  2148 | D:3      | 2148 ||| FLEEEEING.
  2149 | D:3      | 2149 ||| FLEEEEING.
  2159 | D:3      | Reached skill level 6 in Ranged Weapons
  2261 | D:3      | 2261 ||| Stepping ~*~*~tactically~*~*~ (outnumbered).
  2300 | D:3      | 2300 ||| FLEEEEING.
  2301 | D:3      | 2301 ||| FLEEEEING.
  2352 | D:3      | Noticed Terence
  2361 | D:3      | Killed Terence
  2756 | D:3      | 2756 ||| UPGRADING to +0 cloak.
  2761 | D:3      | 2761 ||| UPGRADING to +2 hat.
  2766 | D:3      | 2766 ||| UPGRADING to +0 ring mail.
  2776 | D:3      | 2776 ||| DROPPING +0 leather armour.
  2777 | D:3      | 2777 ||| READING 4 scrolls of identify.
  2777 | D:3      | 2777 ||| IDENTIFYING sedimented inky potion
  2778 | D:3      | 2778 ||| READING 3 scrolls of identify.
  2778 | D:3      | 2778 ||| IDENTIFYING metallic brown potion
  2779 | D:3      | 2779 ||| READING 2 scrolls of identify.
  2779 | D:3      | 2779 ||| IDENTIFYING murky sapphire potion
  2780 | D:3      | 2780 ||| DROPPING potion of lignification.
  2819 | D:4      | Found Uwipa's Armour Shop.
  2820 | D:4      | 2820 ||| PLANNING OSSUARY
  2822 | D:4      | 2822 ||| BUYING +0 pair of gloves (58 gold).
  2822 | D:4      | Bought a +0 pair of gloves for 58 gold pieces
  2822 | D:4      | 2822 ||| SHOPLISTING +2 ring mail of poison resistance (234
                  | gold, have 31).
  2950 | D:4      | Found a large runed translucent door.
  2950 | D:4      | Found a large runed translucent door.
  2994 | D:4      | Reached skill level 1 in Armour
  2999 | D:4      | Reached XP level 6. HP: 38/38 MP: 6/6
  3402 | D:4      | Found a sand-covered staircase.
  3403 | D:4      | 3403 ||| UPGRADING to +0 pair of gloves.
  3408 | D:4      | 3408 ||| READING scroll labelled VENOCH VOKA.
  3417 | Ossuary  | Entered an ossuary
  3559 | D:4      | 3559 ||| PLANNING D:1-11
  3666 | D:4      | 3666 ||| RETREATING.
  3688 | D:4      | Reached skill level 7 in Ranged Weapons
  3691 | D:4      | Reached XP level 7. HP: 36/43 MP: 7/7
  3779 | D:4      | Found a staircase to the Ecumenical Temple.
  3780 | D:4      | 3780 ||| PLANNING TEMPLE
  3792 | D:4      | 3792 ||| READING scroll labelled LALUXU HULYTUI.
  3793 | D:4      | 3793 ||| READING scroll labelled JIFFIRPH FICE.
  3794 | D:4      | 3794 ||| READING scroll labelled PID APYNATIMM.
  3796 | D:4      | 3796 ||| FLEEEEING.
  3900 | Temple   | Entered the Ecumenical Temple
  3901 | Temple   | 3901 ||| PLANNING OKAWARU WORSHIP
  3919 | Temple   | Became a worshipper of Warmaster Okawaru
  3920 | Temple   | 3920 ||| PLANNING D:1-11
  4064 | D:4      | Reached skill level 8 in Ranged Weapons
  4275 | D:4      | 4275 ||| DRINKING 2 lumpy ruby potions.
  4275 | D:4      | Gained mutation: Your spells are a little harder to cast,
                  | but a little more powerful. [potion of mutation]
  4275 | D:4      | Gained mutation: You have sharp toenails. [potion of
                  | mutation]
  4287 | D:5      | Entered Level 5 of the Dungeon
  4288 | D:5      | 4288 ||| PLANNING SEWER
  4290 | D:5      | 4290 ||| STAIRDANCE
  4303 | D:4      | HP: 10/44 [sleepcap (7)]
  4304 | D:4      | 4304 ||| READING scroll of teleportation.
  4305 | D:4      | 4305 ||| DRINKING potion of heal wounds.
  4384 | D:5      | 4384 ||| STAIRDANCE
  4418 | D:4      | 4418 ||| SWAPPING to +0 orcbow.
  4419 | D:4      | 4419 ||| DROPPING +1 shortbow.
  4438 | D:5      | 4438 ||| STAIRDANCE
  4482 | D:5      | Reached * piety under Okawaru
  4483 | D:5      | Reached XP level 8. HP: 20/49 MP: 8/8
  4485 | D:5      | 4485 ||| FLEEEEING.
  4486 | D:5      | 4486 ||| STAIRDANCE
  4620 | D:5      | 4620 ||| SWAPPING to +1 orcbow of freezing.
  4621 | D:5      | 4621 ||| DROPPING +0 orcbow.
  4631 | D:5      | Reached skill level 1 in Invocations
  4867 | D:5      | 4867 ||| Stepping ~*~*~tactically~*~*~ (outnumbered).
  4868 | D:5      | 4868 ||| Stepping ~*~*~tactically~*~*~ (outnumbered).
  4869 | D:5      | 4869 ||| Stepping ~*~*~tactically~*~*~ (outnumbered).
  4873 | D:5      | 4873 ||| Stepping ~*~*~tactically~*~*~ (outnumbered).
  4874 | D:5      | 4874 ||| Stepping ~*~*~tactically~*~*~ (outnumbered).
  4877 | D:5      | 4877 ||| DRINKING potion of curing.
  4877 | D:5      | 4877 ||| (to cure confusion)
  4909 | D:5      | 4909 ||| INVOKING Heroism.
  4927 | D:5      | 4927 ||| RIP SEWER
  4934 | D:5      | 4934 ||| PLANNING D:1-11
  5207 | D:5      | Noticed Grinder
  5208 | D:5      | 5208 ||| INVOKING Heroism.
  5211 | D:5      | 5211 ||| RETREATING.
  5216 | D:5      | 5216 ||| Stepping ~*~*~tactically~*~*~ (retreating).
  5217 | D:5      | 5217 ||| Stepping ~*~*~tactically~*~*~ (retreating).
  5218 | D:5      | 5218 ||| Stepping ~*~*~tactically~*~*~ (retreating).
  5224 | D:5      | Killed Grinder
  5225 | D:5      | Reached skill level 9 in Ranged Weapons
  5225 | D:5      | Reached skill level 3 in Invocations
  5291 | D:5      | 5291 ||| READING scroll labelled DOCAEB ENIY.
  5292 | D:5      | 5292 ||| READING scroll labelled VAG ETUNAR.
  5293 | D:5      | 5293 ||| DRINKING 2 amethyst potions.
  5298 | D:5      | 5298 ||| STAIRDANCE
  5418 | D:4      | 5418 ||| READING 2 scrolls of identify.
  5418 | D:4      | 5418 ||| IDENTIFYING fuming amethyst potion
  5419 | D:4      | 5419 ||| DROPPING potion of berserk rage.
  5459 | D:6      | 5459 ||| INVOKING Heroism.
  5494 | D:6      | Reached skill level 6 in Fighting
  5494 | D:6      | Reached XP level 9. HP: 45/55 MP: 12/12
  5580 | D:6      | 5580 ||| INVOKING Heroism.
  5642 | D:6      | Reached skill level 10 in Ranged Weapons
  5669 | D:6      | 5669 ||| READING scroll of enchant armour.
  5669 | D:6      | 5669 ||| ENCHANTING +0 pair of gloves.
  5672 | D:6      | 5672 ||| INVOKING Heroism.
  5732 | D:6      | 5732 ||| RETREATING.
  5742 | D:6      | 5742 ||| Stepping ~*~*~tactically~*~*~ (retreating).
  5749 | D:6      | Reached skill level 3 in Armour
  5750 | D:6      | 5750 ||| INVOKING Heroism.
  5753 | D:6      | Reached ** piety under Okawaru
  5890 | D:6      | 5890 ||| INVOKING Heroism.
  6008 | D:6      | 6008 ||| INVOKING Heroism.
  6125 | D:6      | 6125 ||| UPGRADING to amulet of reflection.
  6130 | D:6      | 6130 ||| DRINKING 4 bubbling dark potions.
  6131 | D:6      | 6131 ||| READING 4 scrolls of identify.
  6131 | D:6      | 6131 ||| IDENTIFYING golden potion
  6132 | D:6      | 6132 ||| DROPPING 3 potions of brilliance.
  6144 | D:7      | 6144 ||| STAIRDANCE
  6150 | D:7      | 6150 ||| STAIRDANCE
  6172 | D:7      | 6172 ||| STAIRDANCE
  6338 | D:7      | 6338 ||| Stepping ~*~*~tactically~*~*~ (outnumbered).
  6340 | D:7      | 6340 ||| Stepping ~*~*~tactically~*~*~ (outnumbered).
  6343 | D:7      | 6343 ||| INVOKING Heroism.
  6421 | D:7      | 6421 ||| INVOKING Heroism.
  6526 | D:7      | 6526 ||| READING scroll labelled EFUONL KOFO.
  6527 | D:7      | 6527 ||| READING scroll labelled ZUBOCI LANK.
  6535 | D:8      | 6535 ||| INVOKING Heroism.
  6536 | D:8      | 6536 ||| Stepping ~*~*~tactically~*~*~ (outnumbered).
  6543 | D:8      | Reached skill level 11 in Ranged Weapons
  6645 | D:8      | Reached skill level 3 in Dodging
  6657 | D:8      | Reached XP level 10. HP: 63/63 MP: 13/13
  6726 | D:8      | 6726 ||| Stepping ~*~*~tactically~*~*~ (retreating).
  6796 | D:8      | Found Aruttau's General Store.
  6806 | D:8      | 6806 ||| BUYING scroll of identify (26 gold).
  6806 | D:8      | Bought a scroll of identify for 26 gold pieces
  6806 | D:8      | 6806 ||| BUYING scroll of identify (26 gold).
  6806 | D:8      | Bought a scroll of identify for 26 gold pieces
  6806 | D:8      | 6806 ||| BUYING wand of digging (2) (109 gold).
  6806 | D:8      | Bought a wand of digging (2) for 109 gold pieces
  6890 | D:8      | 6890 ||| INVOKING Heroism.
  6898 | D:8      | Noticed Joseph
  6904 | D:8      | Killed Joseph
  7185 | D:8      | 7185 ||| UPGRADING to ring of positive energy.
  7186 | D:8      | 7186 ||| READING 5 scrolls of identify.
  7186 | D:8      | 7186 ||| IDENTIFYING pink potion
  7211 | D:9      | Found Ysim Cyu's Armour Shoppe.
  7222 | D:9      | 7222 ||| INVOKING Heroism.
  7226 | D:9      | 7226 ||| Stepping ~*~*~tactically~*~*~ (outnumbered).
  7227 | D:9      | 7227 ||| Stepping ~*~*~tactically~*~*~ (outnumbered).
  7228 | D:9      | 7228 ||| Stepping ~*~*~tactically~*~*~ (outnumbered).
  7308 | D:9      | Identified the +3 spear of Kubum {freeze, Str+3 Int+3
                  | Dex+5}
  7416 | D:9      | Reached skill level 12 in Ranged Weapons
  7582 | D:9      | 7582 ||| READING scroll labelled BAH BIAVAOG.
  7583 | D:9      | 7583 ||| READING 6 scrolls of identify.
  7583 | D:9      | 7583 ||| IDENTIFYING blue potion
  7584 | D:9      | 7584 ||| DROPPING potion of attraction.
  7605 | D:10     | Entered Level 10 of the Dungeon
  7658 | D:10     | Noticed a deep elf pyromancer
  7659 | D:10     | 7659 ||| Stepping ~*~*~tactically~*~*~ (outnumbered).
  7664 | D:10     | 7664 ||| INVOKING Heroism.
  7668 | D:10     | Killed a deep elf pyromancer
  7744 | D:10     | Noticed a gargoyle
  7750 | D:10     | 7750 ||| INVOKING Heroism.
  7752 | D:10     | Killed a gargoyle
  8004 | D:10     | Found a staircase to the Orcish Mines.
  8005 | D:10     | 8005 ||| Stepping ~*~*~tactically~*~*~ (outnumbered).
  8009 | D:10     | Reached *** piety under Okawaru
  8010 | D:10     | Reached skill level 13 in Ranged Weapons
  8080 | D:10     | 8080 ||| INVOKING Heroism.
  8181 | D:10     | Killed an unseen horror
  8182 | D:10     | Reached skill level 9 in Fighting
  8223 | D:10     | 8223 ||| READING scroll of enchant armour.
  8223 | D:10     | 8223 ||| ENCHANTING +1 pair of gloves.
  8278 | D:10     | 8278 ||| Stepping ~*~*~tactically~*~*~ (outnumbered).
  8279 | D:10     | 8279 ||| INVOKING Heroism.
  8285 | D:10     | Reached XP level 11. HP: 50/71 MP: 11/14
  8361 | D:10     | 8361 ||| INVOKING Heroism.
  8617 | D:10     | 8617 ||| READING scroll labelled ZODDOENU JUMUSCH.
  8697 | D:11     | 8697 ||| READING scroll of enchant armour.
  8697 | D:11     | 8697 ||| ENCHANTING +0 cloak.
  8725 | D:11     | 8725 ||| INVOKING Heroism.
  8766 | D:11     | 8766 ||| INVOKING Heroism.
  8768 | D:11     | 8768 ||| READING 2 scrolls of teleportation.
  8769 | D:11     | Slain by an enormous slime creature

Levels and vault maps discovered:
D:1:      scummos_arrival_forest, layout_basic, chequers_serial_rivers_micro_a,
          chequers_serial_rivers_room_a, st_stairs_2
D:2:      layout_loops_ring, basic_altar, serial_shops, shop,
          nicolae_shop_gaudy_bauble, shop, shop
D:3:      wad_woods_tower, layout_basic, chequers_serial_rivers_room_a,
          st_stairs_5, uniq_terence
D:4:      layout_basic, jmf_multi_god_temple2, minmay_temple_entry_oklob,
          chequers_ossuary_entry_cave, serial_shops, nicolae_stop_n_shop_1,
          chequers_serial_rivers_large_b, nicolae_half_adder
D:5:      layout_basic, gup_sewer_entry_bubbles, uniq_grinder
D:6:      layout_basic
D:7:      layout_rooms
D:8:      layout_basic, serial_shops, nicolae_square_shop, uniq_joseph
D:9:      layout_big_octagon, serial_shops, shop, hangedman_decor_points,
          grunt_decor_arrowhead
D:10:     layout_irregular_city, orc_0_dummy,
          dilly_guarded_unrand_elemental_staff
D:11:     layout_loops_ring, david_lair_generic
Temple:   nicolae_temple_slightly_damp_pantheon

Skill      XL: |  1  2  3  4  5  6  7  8  9 10 11 |
---------------+----------------------------------+-----
Ranged Weapons | 5 6 7 8 9 11 13 | 13.0
Fighting       | 3 4 5 6 7 9 |  9.0
Armour         | 1 2 3 4 |  4.5
Dodging        | 2 3 4 |  4.3
Invocations    | 4 |  4.1
Stealth        | |  1.1

Action                     |  1- 3 |  4- 6 |  7- 9 | 10-12 || total
---------------------------+-------+-------+-------+-------++-------
   Fire: Shortbow          |    98 |   262 |   123 |       ||   483
         Orcbow            |       |       |   256 |   129 ||   385
 Invoke: Heroism           |       |       |    11 |     9 ||    20
    Use: Scroll            |     2 |     6 |    11 |     7 ||    26
         Potion            |       |       |     5 |       ||     5
 Armour: Leather armour    |     5 |    58 |       |       ||    63
         Ring mail         |       |    45 |   263 |    91 ||   399
  Dodge: Dodged            |    10 |    94 |   152 |    42 ||   298
  Block: Other             |       |       |    11 |    20 ||    31
         Reflection        |       |       |     3 |     5 ||     8

Table legend:
 A = Non-vault XP
 B = Vault XP
 C = Vault XP percentage of total XP
 D = Non-vault monster count
 E = Vault monster count
 F = Vault count percentage of total count
                 A         B        C        D         E       F
            +---------+---------+-------+---------+---------+-------
      Total |    7072 |    2804 |  28.4 |     189 |      51 |  21.2
            +---------+---------+-------+---------+---------+-------
        D:1 |      18 |       4 |  18.2 |      12 |       2 |  14.3
        D:2 |      73 |       0 |   0.0 |      20 |       0 |   0.0
        D:3 |      94 |      79 |  45.7 |      24 |      10 |  29.4
        D:4 |     773 |     123 |  13.7 |      33 |       6 |  15.4
        D:5 |     630 |     299 |  32.2 |      16 |       6 |  27.3
        D:6 |    1763 |       0 |   0.0 |      28 |       0 |   0.0
        D:7 |     426 |       0 |   0.0 |      16 |       0 |   0.0
        D:8 |     844 |     434 |  34.0 |      15 |       1 |   6.2
        D:9 |     585 |       0 |   0.0 |      11 |       0 |   0.0
       D:10 |    1565 |    1845 |  54.1 |      13 |       6 |  31.6
       D:11 |     301 |       0 |   0.0 |       1 |       0 |   0.0
    Ossuary |       0 |      20 | 100.0 |       0 |      20 | 100.0
            +---------+---------+-------+---------+---------+-------
